 Dungeon Sprint DCSS version 0.27-a0-385-g3208abaabc (webtiles) character file.

Game seed: 2943775286936481506

474 mhtbhm the Blocker (level 6, -41/49 (62) HPs)
             Began as a Minotaur Fighter on Feb 20, 2021.
             Was an Elder of Trog.
             Killed from afar by an eidolon (47 damage)
             ... with a bolt of negative energy
             ... in the Dungeon (Sprint VII: "The Pits").
             The game lasted 00:01:27 (423 turns).

mhtbhm the Blocker (Minotaur Fighter)                Turns: 423, Time: 00:01:28

HP:   -41/49 (62)   AC: 11    Str: 22    XL:     6   Next: 84%
MP:   5/5           EV: 10    Int:  5    God:    Trog [****..]
Gold: 0             SH: 12    Dex: 10    Spells: 5/5 levels left

rFire    . . .     SeeInvis .   a - +2 hand axe
rCold    . . .     Faith    .   c - +0 kite shield
rNeg     . . .     Spirit   .   b - +3 scale mail
rPois    .         Reflect  .   (helmet restricted)
rElec    .         Harm     .   (no cloak)
rCorr    .         Rampage  .   (no gloves)
Will     .....     NoTele   +   (no boots)
Stlth    ..........             (no amulet)
HPRegen  0.16/turn              (no ring)
MPRegen  0.09/turn              (no ring)

@: afraid, heavily drained
A: retaliatory headbutt, horns 2
a: Renounce Religion, Berserk, Trog's Hand, Brothers in Arms


You were in the Dungeon.
You worshipped Trog.
Trog was greatly pleased with you.
You visited 1 branch

Inventory:

Hand Weapons
 a - a +2 hand axe (weapon)
Armour
 b - a +3 scale mail (worn)
 c - a +0 kite shield (worn)
Scrolls
 j - a scroll of blinking
 l - a scroll of summoning
Potions
 d - a potion of might
 e - 6 potions of curing
 f - 5 potions of heal wounds
 g - a potion of haste
 h - 4 potions of magic
 i - 3 potions of berserk rage
 k - 2 potions of invisibility


   Skills:
 + Level 8.9 Fighting
 + Level 8.3 Axes
 + Level 9.3 Armour
 + Level 2.8 Dodging
 + Level 10.4 Shields


You had 5 spell levels left.
You didn't know any spells.
Your spell library was empty.

Dungeon Overview and Level Annotations

Branches:
Dungeon (1/1)

Altars:
Cheibriados
Dithmenos
Elyvilon
Fedhas
Gozag
Hepliaklqana
Makhleb
Nemelex Xobeh
Okawaru
Qazlal
Ru
Sif Muna
Trog
Vehumet
Wu Jian
Xom
Yredelemnul
Zin
The Shining One
Beogh
Jiyva
Lugonu


Innate Abilities, Weirdness & Mutations

You reflexively headbutt those who attack you in melee.
You have a pair of horns on your head.


Message History

The bullfrog is severely wounded.
You block the bullfrog's attack. The bullfrog closely misses you.
You barely miss the bullfrog.
The bullfrog is severely wounded.
The bullfrog barely misses you. You furiously retaliate!
You headbutt the bullfrog!
You kill the bullfrog!
Trog accepts your kill.
Your Axes skill increases to level 8!
Unknown command.
There is an open door here.
You see here a bullfrog corpse.
You open the door.
An eidolon comes into view.
The eidolon gives a chilling moan.
The eidolon stares piercingly at you. The bolt of negative energy hits you!!!
You feel drained.
Ouch! That really hurt!
* * * LOW HITPOINT WARNING * * *
You feel much better.
The eidolon gestures.
The eidolon radiates an aura of fear!
You are terrified of the eidolon!
Unknown command.
Your ogre goes berserk!
Unknown command.
You hit the eidolon but do no damage. The eidolon stares piercingly at you.
The bolt of negative energy hits you!!
You feel drained.
You are too terrified to rage.
You attempt to attack the eidolon, but flinch away in fear!
Your ogre barely misses the eidolon.
The eidolon hits you!!
* * * LOW HITPOINT WARNING * * *
You block the eidolon's attack.
You hit the eidolon but do no damage. Your headbutt misses the eidolon.
Your ogre hits the eidolon with a +0 giant club!!!
The eidolon stares piercingly at you. The bolt of negative energy hits you!!!
You feel drained.
Ouch! That really hurt!
You die...

#.#...)))[.##.......#
#'###########.......#
#..#.#.## #########
#)รท)....# ##.#.#.##
#.......#+#
##.#.#.##.+
#.......#W#
##.#.#..O@#
##########


You could see an eidolon (scary, ally target) and a friendly ogre (summoned,
berserk).

Vanquished Creatures
  A fire bat (D)
  A floating eye (D)
  A centaur (D)
  A bullfrog (D)
  A quasit (D)
  A worker ant (D)
  A gnoll (D)
  A river rat (D)
  An ooze (D)
  A hobgoblin (D)
  5 jackals (D)
  2 ball pythons (D)
  A bat (D)
  2 frilled lizards (D)
20 creatures vanquished.

Notes
Turn   | Place    | Note
-------+----------+-------------------------------------------
     0 | D        | mhtbhm the Minotaur Fighter began the quest for the Orb.
     0 | D        | Reached XP level 1. HP: 19/19 MP: 0/0
    20 | D        | Found a bloodstained altar of Trog.
    20 | D        | Found a shimmering blue altar of Sif Muna.
    20 | D        | Found a viscous altar of Jiyva.
    20 | D        | Found a hazy altar of Hepliaklqana.
    20 | D        | Found an opulent altar of Gozag.
    21 | D        | Found a glowing golden altar of the Shining One.
    21 | D        | Found a glowing silver altar of Zin.
    21 | D        | Found a basalt altar of Yredelemnul.
    21 | D        | Found a shimmering altar of Xom.
    21 | D        | Found an ornate altar of the Wu Jian Council.
    21 | D        | Found a sacrificial altar of Ru.
    21 | D        | Found a stormy altar of Qazlal.
    21 | D        | Found an iron altar of Okawaru.
    21 | D        | Found a sparkling altar of Nemelex Xobeh.
    21 | D        | Found a burning altar of Makhleb.
    21 | D        | Found a blossoming altar of Fedhas.
    21 | D        | Found a white marble altar of Elyvilon.
    21 | D        | Found a shadowy altar of Dithmenos.
    21 | D        | Found a snail-covered altar of Cheibriados.
    23 | D        | Found a radiant altar of Vehumet.
    23 | D        | Found a corrupted altar of Lugonu.
    23 | D        | Found a roughly hewn altar of Beogh.
    25 | D        | Became a worshipper of Trog the Wrathful
    62 | D        | Noticed a floating eye
    66 | D        | Paralysed by a floating eye for 4 turns
    70 | D        | Killed a floating eye
    71 | D        | Reached skill level 6 in Shields
    71 | D        | Reached XP level 2. HP: 31/31 MP: 1/1
    71 | D        | Reached XP level 3. HP: 38/38 MP: 2/2
    71 | D        | Reached XP level 4. HP: 45/45 MP: 3/3
    77 | D        | Reached * piety under Trog
    85 | D        | Reached skill level 7 in Shields
    92 | D        | Reached ** piety under Trog
   108 | D        | Reached *** piety under Trog
   109 | D        | Reached XP level 5. HP: 45/52 MP: 4/4
   171 | D        | Noticed a centaur
   175 | D        | Noticed a fire bat
   178 | D        | Reached **** piety under Trog
   179 | D        | Killed a centaur
   180 | D        | Reached skill level 1 in Dodging
   180 | D        | Reached skill level 8 in Shields
   188 | D        | Reached skill level 9 in Shields
   188 | D        | Reached XP level 6. HP: 59/61 MP: 5/5
   199 | D        | Killed a fire bat
   200 | D        | Reached skill level 10 in Shields
   418 | D        | Noticed an eidolon
   423 | D        | Killed from afar by an eidolon

Illustrated notes

Levels and vault maps discovered:
D:        pitsprint [storerooms_1, entrance_room_1, metal_vault_4, armoury_2,
          mini_pit_1, grid_room_1, main_hall_1, silver_pit, the_coven_2,
          the_vestibule_1, steel_vault_1, golden_pit, hallway_of_sentries,
          crystal_vault_4, iron_vault_5, final_vault]

Skill      XL: |  1  2  3  4  5  6 |
---------------+-------------------+-----
Fighting       | 6 7 8 |  8.9
Axes           | 4 6 8 |  8.3
Armour         | 6 7 8 9 |  9.3
Shields        | 6 7 9 10 | 10.4
Dodging        | 1 2 |  2.8

Action                   |  1- 3 |  4- 6 || total
-------------------------+-------+-------++-------
Melee: Hand axe          |     4 |    55 ||    59
       War axe           |     1 |       ||     1
       Headbutt          |       |     9 ||     9
Invok: Berserk           |       |     1 ||     1
       Brothers in Arms  |       |     1 ||     1
  Use: Potion            |       |     1 ||     1
Armor: Scale mail        |       |    30 ||    30
Dodge: Dodged            |       |    25 ||    25
Block: Kite shield       |       |    43 ||    43

Table legend: (Time is in decaauts)
 A = Elapsed time spent in this place.
 B = Non-inter-level travel time spent in this place.
 C = Inter-level travel time spent in this place.
 D = Time resting spent in this place.
 E = Time spent auto-exploring this place.
 F = Levels seen in this place.
 G = Mean time per level.
                   A        B        C        D        E       F      G
               +--------+--------+--------+--------+--------+-----+--------+
         Total |    439 |    439 |      0 |    204 |     27 |   1 |  439.0 |
       Dungeon |    439 |    439 |      0 |    204 |     27 |   1 |  439.0 |
               +--------+--------+--------+--------+--------+-----+--------+

Top non-repeatable levels by time:
       D: 439 daAuts
